 Dungeon Crawl Stone Soup version 0.29.1 (webtiles) character file.

Game seed: 6201586937399105459

0 vvl the Caller (level 1, -1/10 HPs)
             Began as a Kobold Summoner on Sept 14, 2022.
             Succumbed to a kobold's poison
             ... on level 1 of the Dungeon.
             The game lasted 00:00:44 (140 turns).

vvl the Caller (Kobold Summoner)                     Turns: 140, Time: 00:00:44

Health: -1/10      AC:  2    Str:  5    XL:     1   Next: 11%
Magic:  0/3        EV: 15    Int: 16    God:
Gold:   0          SH:  0    Dex: 15    Spells: 3/4 levels left

rFire   . . .      SeeInvis .   (weapon restricted)
rCold   . . .      Faith    .   (no shield)
rNeg    . . .      Spirit   .   a - +0 robe
rPois   .          Reflect  .   (no helmet)
rElec   .          Harm     .   (no cloak)
rCorr   .          Rampage  .   (no gloves)
Will    .....                   (no boots)
Stlth   +++.......              (no amulet)
HPRegen 0.03/turn               (no ring)
MPRegen 0.08/turn               (no ring)

@: lethally poisoned (-1 -> -7)
A: small, no large weapons, nightstalker 3
a: no special abilities


You were on level 1 of the Dungeon.
You visited 1 branch of the dungeon, and saw 1 of its levels.

Inventory:

Armour
 a - a +0 robe (worn)
Potions
 b - a potion of magic


   Skills:
 + Level 0.0 Fighting
 + Level 0.0 Short Blades
 + Level 0.0 Ranged Weapons
 + Level 0.0 Armour
 + Level 2.4 Dodging
 + Level 2.7 Stealth
 + Level 2.2 Spellcasting
 + Level 0.0 Conjurations
 + Level 4.0 Summonings


You had 3 spell levels left.
You knew the following spells:

 Your Spells              Type           Power      Damage    Failure   Level
a - Summon Small Mammal   Summ           56%        N/A       4%          1

Your spell library contained the following spells:

 Spells                   Type           Power      Damage    Failure   Level
 Call Imp                 Summ           14%        N/A       6%          2
 Call Canine Familiar     Summ           14%        N/A       12%         3
 Summon Guardian Golem    Hex/Summ       8%         N/A       26%         3
 Summon Lightning Spire   Summ/Air       8%         N/A       65%         4


Dungeon Overview and Level Annotations

Branches:
Dungeon (1/15)

Altars:


Innate Abilities, Weirdness & Mutations

You are small and have problems with some larger weapons.
You are completely attuned to the shadows.


Message History

You swap places.
Your quokka disappears in a puff of smoke!
Your quokka disappears in a puff of smoke!
You open the door.
Found a stone staircase leading down.
There is an open door here.
A jackal comes into view.
A jackal is nearby!
A jackal is nearby!
A frilled lizard and a kobold come into view.
The kobold is wielding a +2 short sword of venom.
The frilled lizard hisses angrily.
The jackal barks!
The kobold shouts!
You hear an angry hiss. x2; You hear a bark! x3; You hear a shout!
A jackal comes into view.
The jackal bites you.
The kobold throws a stone.
The stone closely misses you.
The jackal barks!
You hear a bark!
The jackal closely misses you.
A jackal comes into view.
The frilled lizard misses you. The jackal misses you.
The frilled lizard misses you. The kobold closely misses you.
Your rat disappears in a puff of smoke!
A jackal comes into view.
The jackal barely misses you.
The kobold hits you with a +2 short sword of venom.
You are lethally poisoned!
The frilled lizard misses you.
You feel very sick.
Your bat hits the frilled lizard. The jackal attacks as you move away!
The jackal misses you.
* * * LOW HITPOINT WARNING * * *
You feel sick. The jackal completely misses you.
* * * LOW HITPOINT WARNING * * *
You feel sick. Something bites your bat. The jackal barely misses your rat.
Something barely misses your rat. The jackal misses your bat.
The kobold throws a stone.
The stone closely misses you.
Your rat bites the jackal but does no damage.
There is an open door here.
You die...

########
....K.##########
#.#h#h#'@.......#
...hrhb#.#####.##
#.#>#l##.#####.#
......#.##....#
#.#.#.##.##.####
.......#.##.# #.#
#.# #.#


You could see a jackal, a kobold, a frilled lizard (distracted), a friendly bat
(summoned) and a friendly rat (summoned).

Vanquished Creatures (collateral kills)
  A frilled lizard (D:1)
1 creature vanquished.

Notes
Turn   | Place    | Note
-------+----------+-------------------------------------------
     0 | D:1      | vvl the Kobold Summoner began the quest for the Orb.
     0 | D:1      | Reached XP level 1. HP: 10/10 MP: 3/3
   140 | D:1      | Succumbed to a kobold's poison

Illustrated notes

Levels and vault maps discovered:
D:1:      amcnicky_arrival_wind_blow, layout_basic,
          chequers_ecumenical_altar_grove, st_stairs_12, kennysheep_small_spiral

Action                   || total
-------------------------++-------
 Cast: Summon Small Mamm ||     5
Dodge: Dodged            ||    11
